 Dungeon Crawl Stone Soup version 0.24-a0-730-g011b83a (webtiles) character file.

Game seed: 3386679493472196023, levelgen mode: deterministic

607524 Isobel the Metallomancer (level 26, 0/261 HPs)
             Began as a Deep Dwarf Earth Elementalist on Oct 1, 2019.
             Was the Champion of Makhleb.
             Slain by a storm dragon (3 damage)
             ... on level 4 of the Realm of Zot on Oct 2, 2019.
             The game lasted 04:43:57 (71814 turns).

Isobel the Metallomancer (DDEE)                    Turns: 71814, Time: 04:43:57

Health: 0/261      AC: 18    Str: 15    XL:     26   Next: 14%
Magic:  36/47      EV: 32    Int: 25    God:    Makhleb [******]
Gold:   3031       SH:  0    Dex: 13    Spells: 13/65 levels left

rFire    + + .     SeeInvis .   (weapon currently unavailable)
rCold    + + .     Gourm    .   (shield currently unavailable)
rNeg     + + +     Faith    .   (armour currently unavailable)
rPois    ∞         Spirit   .   (helmet currently unavailable)
rElec    +         Reflect  .   (cloak currently unavailable)
rCorr    +         Harm     .   (gloves currently unavailable)
MR       +++..                  (boots currently unavailable)
Stlth    ++++......             (amulet currently unavailable)
HPRegen  0.00/turn              (ring currently unavailable)
MPRegen  0.30/turn              (ring currently unavailable)

@: wisp-form, death channel, no potions, flying, non-regenerating, slowed,
studying 2 skills, slow
A: tiny, damage resistance, heal wounds, negative energy resistance 1, sense
surroundings 3, no regeneration
}: 4/15 runes: decaying, silver, abyssal, gossamer
a: Heal Wounds, Minor Destruction, Lesser Servant of Makhleb, Major Destruction,
Greater Servant of Makhleb, Renounce Religion


You were on level 4 of the Realm of Zot.
You worshipped Makhleb.
Makhleb was exalted by your worship.
You were not hungry.
You were an insubstantial wisp.
You visited 10 branches of the dungeon, and saw 51 of its levels.
You visited the Abyss 1 time.
You also visited: Trove and Gauntlet.

You collected 7179 gold pieces.
You spent 4148 gold pieces at shops.

Inventory:

Hand Weapons
 a - the +12 Vampire's Tooth (melded) {vamp}
   (You found it on level 3 of the Crypt)

   It inflicts no extra harm, but heals its wielder when it wounds a living foe.
 b - a +9 demon blade of electrocution
   (You took it off Mara on level 4 of the Swamp)
 B - the +4 dagger "Morg" {pain, MR+ Int+5}
   (You found it on level 3 of the Depths)

   In the hands of one skilled in necromantic magic, it inflicts extra damage on
   living creatures.
   It affects your intelligence (+5).
   It affects your resistance to hostile enchantments.
Missiles
 o - 18 stones (quivered)
 y - 5 throwing nets {!f}
Armour
 i - a +5 shield of reflection (melded)
   (You took it off a vault warden on level 2 of the Vaults)
 l - a +2 robe of the Archmagi (melded)
   (You took it off an orc sorcerer on level 2 of the Orcish Mines)
 q - the +1 cloak of Exclusion (melded) {rF+ rN+ SInv}
   (You found it in a treasure trove)

   It protects you from fire.
   It protects you from negative energy.
   It lets you see invisible.
 r - a +2 pair of gloves of dexterity (melded)
   (You found it in a treasure trove)
 u - the +2 hat of Pandemonium (melded) {rPois Str+4}
   (You found it on level 1 of the Crypt)

   It affects your strength (+4).
   It protects you from poison.
 U - the +2 pair of boots of the Assassin (melded) {Detection Stab+ Stlth++}
   (You found it in a treasure trove)

   It makes you much more stealthy.
Jewellery
 d - the ring "Keedieg" (melded) {-Tele rF+ rN+ Int+3}
   (You found it on level 5 of the Vaults)

   [ring of positive energy]

   It affects your intelligence (+3).
   It protects you from fire.
   It protects you from negative energy.
   It prevents most forms of teleportation.
 A - the ring of the Mage (melded) {Wiz MR++ Int+3}
   (You bought it in a shop on level 2 of the Orcish Mines)

   [ring of wizardry]

   It improves your spell success rate.
   It affects your intelligence (+3).
   It affects your resistance to hostile enchantments.
 C - an uncursed ring of resist corrosion
   (You found it on level 2 of the Depths)
 H - the amulet "Sef Toh" (melded) {Inacc Fragile rC+++ Int+4}
   (You found it on level 3 of the Elven Halls)

   [amulet of inaccuracy]

   It reduces the accuracy of all your attacks.
   It affects your intelligence (+4).
   It renders you almost immune to cold.
   It will be destroyed if unequipped.
 Z - a ring of the Octopus King {Wiz AC+1 EV+1 Str+1 Int+1 Dex+1}
   (You bought it in a shop on level 4 of the Vaults)

   [ring of wizardry]

   It improves your spell success rate.
   It affects your AC (+1).
   It affects your evasion (+1).
   It affects your strength (+1).
   It affects your intelligence (+1).
   It affects your dexterity (+1).
Wands
 v - a wand of digging (6)
   (You found it on level 9 of the Dungeon)
 x - a wand of acid (38)
   (You found it in a Gauntlet)
Scrolls
 g - 23 scrolls of teleportation {@r4}
 h - 13 scrolls of magic mapping
 k - 9 scrolls of immolation {!r}
 s - 8 scrolls of identify {@r1}
 w - 2 scrolls of holy word
 G - 3 scrolls of blinking
 J - 9 scrolls of fear
 K - a scroll of silence
 M - 30 scrolls of remove curse {@r2}
 N - 5 scrolls of fog
 S - a scroll of summoning
 X - 3 scrolls of vulnerability {!r}
 Y - a scroll of torment {!r}
Potions
 c - a potion of magic
 f - 13 potions of curing {@q1}
 m - 6 potions of might
 n - 5 potions of berserk rage
 p - 8 potions of agility
 D - 4 potions of cancellation
 E - 6 potions of invisibility
 F - a potion of resistance
 I - a potion of haste {@q3}
 O - 7 potions of brilliance
 P - 9 potions of mutation {!q}
 R - 5 potions of heal wounds {@q2}
 V - 3 potions of flight
Books
 t - a manual of Air Magic {!d}
   (You found it on level 5 of the Vaults)
 L - a manual of Dodging {!d}
   (You found it on level 3 of the Crypt)
Miscellaneous
 z - a crystal ball of energy
   (You found it on level 3 of the Swamp)
 Q - 5 phantom mirrors
Comestibles
 e - 61 rations {!d}
 j - 8 chunks of flesh


   Skills:
 - Level 20.0 Fighting
 - Level 10.0 Short Blades
 - Level 15.0 Dodging
 - Level 10.0 Stealth
 - Level 15.0 Shields
 - Level 20.0 Spellcasting
 - Level 5.2 Conjurations
 - Level 14.0 Necromancy
 - Level 2.0 Translocations
 + Level 11.6 Transmutations
 - Level 22.0 Earth Magic
 - Level 12.0 Evocations


You had 13 spell levels left.
You knew the following spells:

 Your Spells              Type           Power        Failure   Level  Hunger
c - Lee's Rapid Deconstr  Erth           #######...   0%          5    None
d - Apportation           Tloc           #####.       1%          1    None
e - Iron Shot             Conj/Erth      #######...   1%          6    ##.....
f - Statue Form           Tmut/Erth      #######..    1%          6    ##.....
g - Borgnjor's Vile Clut  Necr/Erth      #######...   1%          5    None
h - Blink                 Tloc           N/A          1%          2    None
i - Death Channel         Necr           #######...   1%          6    ##.....
j - Shatter               Erth           #######...   22%         9    #######
k - Necromutation         Tmut/Necr      ######....   52%         8    ######.
q - Passwall              Tmut/Erth      #######.     0%          2    None
Z - Sublimation of Blood  Necr           #######...   0%          2    None

Your spell library contained the following spells:

 Spells                   Type           Power        Failure   Level  Hunger
 Animate Skeleton         Necr           N/A          0%          1    None
 Beastly Appendage        Tmut           ######       0%          1    None
 Pain                     Necr           ####         0%          1    None
 Sandblast                Erth           ######       0%          1    None
 Corpse Rot               Necr           N/A          0%          2    None
 Vampiric Draining        Necr           #######...   0%          3    None
 Confusing Touch          Hex            ####..       1%          1    None
 Corona                   Hex            ####...      1%          1    None
 Flame Tongue             Conj/Fire      #####        1%          1    None
 Infusion                 Chrm           ####         1%          1    None
 Magic Dart               Conj           ####         1%          1    None
 Sting                    Conj/Pois      ####         1%          1    None
 Summon Butterflies       Summ           ####....     1%          1    None
 Sticks to Snakes         Tmut           ######..     1%          2    None
 Throw Frost              Conj/Ice       #####.       1%          2    None
 Conjure Flame            Conj/Fire      #####...     1%          3    None
 Dazzling Spray           Conj/Hex       #####.       1%          3    None
 Ignite Poison            Fire/Tmut/Pois #####...     1%          3    None
 Spider Form              Tmut/Pois      ######....   1%          3    None
 Static Discharge         Conj/Air       #####...     1%          3    None
 Stone Arrow              Conj/Erth      ######       1%          3    None
 Animate Dead             Necr           N/A          1%          4    None
 Ice Form                 Ice/Tmut       ######..     1%          4    None
 Iskenderun's Mystic Bla  Conj           ######..     1%          4    None
 Leda's Liquefaction      Hex/Erth       ######....   1%          4    None
 Petrify                  Tmut/Erth      #######.     1%          4    None
 Blade Hands              Tmut           ######....   1%          5    None
 Bolt of Magma            Conj/Fire/Erth ######....   1%          5    None
 Irradiate                Conj/Tmut      ######....   1%          5    None
 Call Imp                 Summ           ####....     2%          2    None
 Ensorcelled Hibernation  Hex/Ice        ####..       2%          2    None
 Poisonous Vapours        Pois/Air       ####..       2%          2    None
 Slow                     Hex            ####....     2%          2    None
 Swiftness                Chrm/Air       ####....     2%          2    None
 Gell's Gravitas          Tloc           #####.....   2%          3    None
 Lesser Beckoning         Tloc           #####.....   2%          3    None
 Mephitic Cloud           Conj/Pois/Air  ####....     2%          3    None
 Excruciating Wounds      Chrm/Necr      ######....   2%          5    None
 Hydra Form               Tmut           ######....   2%          6    ##.....
 Portal Projectile        Hex/Tloc       ####..       3%          3    None
 Recall                   Summ/Tloc      N/A          3%          3    None
 Force Lance              Conj/Tloc      #####...     4%          4    None
 Alistair's Intoxication  Tmut/Pois      ######..     4%          5    None
 Yara's Violent Unravell  Hex/Tmut       ######....   4%          5    None
 Confuse                  Hex            ####....     5%          3    None
 Tukima's Dance           Hex            ####....     5%          3    None
 Throw Icicle             Conj/Ice       #####...     6%          4    None
 Passage of Golubria      Tloc           N/A          8%          4    None
 Simulacrum               Ice/Necr       ######....   16%         6    ##.....
 Olgreb's Toxic Radiance  Pois           ####....     17%         4    None
 Summon Ice Beast         Ice/Summ       ####....     17%         4    None
 Summon Lightning Spire   Summ/Air       ####....     17%         4    None
 Fireball                 Conj/Fire      #####.....   17%         5    None
 Iskenderun's Battlesphe  Conj/Chrm      #####...     17%         5    None
 Venom Bolt               Conj/Pois      #####.....   17%         5    None
 Summon Forest            Summ/Tloc      ####......   32%         5    None
 Borgnjor's Revivificati  Necr           #######...   36%         8    ######.
 Infestation              Necr           #######...   36%         8    ######.
 Aura of Abjuration       Summ           ####......   43%         5    None
 Metabolic Englaciation   Hex/Ice        ####......   43%         5    None
 Silence                  Hex/Air        ####......   43%         5    None
 Haunt                    Necr/Summ      ######....   63%         7    ####...
 Bolt of Fire             Conj/Fire      #####.....   67%         6    ##.....
 Conjure Ball Lightning   Conj/Air       #####.....   67%         6    ##.....
 Freezing Cloud           Conj/Ice/Air   ####......   78%         6    ##.....
 Orb of Destruction       Conj           ######....   86%         7    ####...
 Darkness                 Hex            ####......   95%         6    ##.....
 Deflect Missiles         Chrm/Air       ####......   95%         6    ##.....
 Invisibility             Hex            ####....     95%         6    ##.....
 Ozocubu's Refrigeration  Ice            ####......   95%         6    ##.....
 Spellforged Servitor     Conj/Summ      #####.....   99%         7    ####...
 Ring of Flames           Chrm/Fire      ####......   100%        7    ####...
 Summon Hydra             Summ           ####......   100%        7    ####...
 Controlled Blink         Tloc           N/A          100%        8    ######.
 Death's Door             Chrm/Necr      ######....   100%        8    ######.
 Disjunction              Tloc           #####.....   100%        8    ######.
 Ignition                 Fire           ####......   100%        8    ######.
 Tornado                  Air            ####......   100%        9    #######
 Regeneration             Chrm/Necr      Unusable     N/A         3    N/A

Dungeon Overview and Level Annotations

Branches:
Dungeon (15/15)            Temple (0/1) D:7            Lair (6/6) D:9
  Swamp (4/4) Lair:4       Spider (4/4) Lair:4          Orc (2/2) D:12
    Elf (3/3) Orc:2        Vaults (5/5) D:14          Crypt (3/3) Vaults:2
   Tomb (0/3) Crypt:3      Depths (5/5) D:15            Zot (3/5) Depths:5
Gauntlet (visited)
  Slime: Lair:5-6

Altars:
Ashenzari
Elyvilon
Fedhas
Gozag
Kikubaaqudgha
Makhleb
Nemelex Xobeh
Trog
Vehumet
Xom
Beogh

Shops:
D:7 (   D:11 *   Orc:2 =:%%   Elf:2 %   Vaults:1 :   Vaults:4 [(=**
Depths:1 *   Depths:3 [   Depths:4 *

Portals:
Hell: Depths:1 Depths:2 Depths:3 Depths:4 Depths:5
Abyss: Depths:1 Depths:3 Depths:4
Pandemonium: Depths:2 Depths:3
Ziggurat: Depths:1

Annotations:
D:4 2 runed translucent doors
D:5 3 runed translucent doors, Misha's ghost, novice TrFi
Lair:5 exclusion: oklob plant
Crypt:1 1 transporter
Depths:2 1 runed translucent door


Innate Abilities, Weirdness & Mutations

You are resistant to damage.
You can heal yourself by infusing magical energy.
You resist negative energy. (rN+)
You passively map a large area around you.
You do not regenerate.
((Armour fits poorly on your strangely shaped body.))


Message History

The bolt of acid hits the tentacled monstrosity!
The tentacled monstrosity is splashed with acid.
The bolt of acid misses the Killer Klown.
You feel yourself speed up.
The Killer Klown looks more healthy.
The death cob hits you but does no damage.
The death cob hits you!
* * * LOW HITPOINT WARNING * * *
The death cob drains your vigour!
You feel yourself slow down.
The Killer Klown throws klown pie at you.
The klown pie misses you.
The klown pie hits the Killer Klown!!!
Blueberry!
The Killer Klown loses the ability to speak.
The Killer Klown blinks!
The tentacled monstrosity completely misses you. x3
The ancient lich gestures at you while chanting.
The lance of force hits you!!
* * * LOW HITPOINT WARNING * * *
You are knocked back by the lance of force.
The Killer Klown strangle-hugs you with a +12 club!!
* * * LOW HITPOINT WARNING * * *
The moth of wrath goads the storm dragon on!
The storm dragon goes berserk!
The moth of wrath goads the golden dragon on!
The golden dragon goes berserk!
The Killer Klown completely misses you.
The storm dragon rages.
The black draconian hits you with a +0 hand axe.
* * * LOW HITPOINT WARNING * * *
The Killer Klown beckons to you.
The tentacled monstrosity tentacle-slaps you.
The tentacled monstrosity completely misses you. x2
The ancient lich completely misses you.
You hear a deafening roar!
Some of the chunks of flesh in your inventory have rotted away.
Unknown command.
You cannot drink potions in your current state!
Unknown command.
You can't do that in your present form.
Okay, then.
Your blink will be uncontrolled - continue anyway? [Y]es or [N]o only, please.
Your blink will be uncontrolled - continue anyway? [Y]es or [N]o only, please.
Your blink will be uncontrolled - continue anyway?
The Orb prevents control of your translocation!
You blink.
As you read the scroll of blinking, it crumbles to dust.
The Killer Klown completely misses you.
The Killer Klown blinks!
The storm dragon closely misses you. The storm dragon claws you!
You die...

, * , *, ** ,,,, *
..###...^...###... , *
*, .##....$......##. .
,* ,,##.^....8......#*..
* , ##..8.......8..##..
* , #...............#..
......#..........# ,*
,.##.......>D.......#.
,# #...8.#.DypDv...^.#.
,#[ ##§.....zdLpD....##.
#..#........pDd......#.
#..##.......dpX.....##$
* ...##.......dzp...##..
* ##.^......(..^.##.. ,
.##............#...
#....###...^...###....
..#....#.#...#.#.#.....,


You could see 5 Killer Klowns, a tentacled monstrosity, a golden dragon
(berserk), an ancient lich, 3 storm dragons, a black draconian, a green
draconian (berserk), 2 draconians, a curse toe, a death cob, a quicksilver
dragon and a moth of wrath.

Vanquished Creatures
  5 ancient liches
  Mara (Swamp:4)
  2 juggernauts
  Sojobo (Crypt:2)
  Boris (Crypt:1)
  Saint Roka (Vaults:2)
  8 caustic shrikes (Depths:5)
  5 golden dragons
  Nikola (Spider:4)
  9 tentacled monstrosities
  Jorgrun (Swamp:2)
  A hellephant (Abyss:3)
  6 liches
  3 death cobs (Zot:1)
  5 quicksilver dragons
  2 titans (Vaults:5)
  A deep elf master archer (Elf:3)
  5 ancient champions
  A tentacled starspawn (Abyss:3)
  2 thorn hunters
  5 sphinxes
  Gastronok (D:8)
  6 shadow dragons
  5 storm dragons
  A revenant (Crypt:1)
  Roxanne (Swamp:3)
  A draconian monk (Depths:5)
  7 frost giants
  7 fire giants
  6 tengu reavers
  2 draconian scorchers (Zot:1)
  3 draconian knights (Zot:1)
  Louise (Swamp:4)
  7 vault wardens
  5 ghost moths
  2 iron dragons
  2 deep elf sorcerers
  A caustic shrike zombie (Crypt:1)
  Aizul (Vaults:3)
  8 emperor scorpions (Spider:4)
  4 deep elf elementalists
  7 ghouls (Crypt:2)
  4 curse skulls
  4 reapers
  16 very ugly things
  2 spriggan defenders (Depths:5)
  10 stone giants
  2 draconian annihilators (Zot:1)
  7 ironheart preservers
  A war gargoyle (Vaults:5)
  4 draconian shifters
  8 entropy weavers
  5 green draconians
  8 starcursed masses (Abyss:3)
  2 black draconians
  A deep elf demonologist (Elf:3)
  7 vampire knights
  Nessos (Orc:2)
  A minotaur (Gauntlet)
  9 deep elf annihilators
  4 white draconians
  2 yellow draconians (Depths:5)
  8 purple draconians
  12 eidola
  12 ettins
  3 spark wasps
  2 red draconians
  8 deep elf death magi
  A merfolk impaler (Abyss:3)
  2 blizzard demons (Abyss:3)
  Josephine (Orc:1)
  10 fire dragons
  A mummy priest (Crypt:3)
  3 deep elf high priests
  2 jiangshi
  13 yaktaur captains
  6 great orbs of eyes
  Erolcha (D:9)
  7 ice dragons
  4 rakshasas
  3 quicksilver dragon skeletons
  15 hydras
  4 spriggan air magi
  28 vault guards
  10 centaur warriors
  A catoblepas (Depths:4)
  6 ogre magi
  2 death knights
  A shambling mangrove (Swamp:4)
  2 titan zombies
  6 alligators
  5 deep troll earth magi
  13 deep troll shamans
  24 two-headed ogres
  A death yak (Lair:4)
  4 spriggan berserkers
  7 tengu warriors
  23 dancing weapons
  3 vampire magi
  6 thrashing horrors (Abyss:3)
  Urug (Orc:1)
  A hell knight (Depths:2)
  A storm dragon zombie (Crypt:3)
  19 deep elf knights
  Sonja (D:12)
  5 soul eaters (Crypt:3)
  3 small abominations
  Nergalle (D:11)
  28 skeletal warriors
  2 wizards
  2 unseen horrors
  A sea snake (shapeshifter) (Vaults:3)
  4 glowing orange brains
  An anaconda zombie (Crypt:3)
  A storm dragon skeleton (Vaults:2)
  18 deep trolls
  5 swamp dragons
  A shadow dragon zombie (Crypt:3)
  13 ironbrand convokers
  A golden dragon skeleton (Depths:1)
  5 flayed ghosts
  4 spriggan druids (Swamp:4)
  2 orc knights
  5 deep elf archers
  Pikel (D:4)
  An anaconda skeleton (Crypt:3)
  19 phantasmal warriors
  3 iron dragon zombies
  An oklob plant (Lair:4)
  A wolf spider zombie (D:14)
  2 harpies (Vaults:4)
  16 necromancers
  29 wolf spiders
  A stone giant zombie (Vaults:1)
  18 orb spiders
  31 deep elf magi
  2 fire giant zombies
  3 manticores
  4 orc sorcerers
  A cyclops (shapeshifter) (Vaults:5)
  52 ugly things
  6 cyclopes
  A worldbinder (Abyss:3)
  A salamander (shapeshifter) (Vaults:1)
  12 moths of wrath
  A naga mage (Vaults:4)
  4 black mambas
  3 black mambas (shapeshifter)
  A guardian serpent (Abyss:3)
  2 gargoyles
  Psyche (D:8)
  A dire elephant zombie (Crypt:1)
  3 stone giant skeletons
  5 torpor snails
  3 smoke demons (Abyss:3)
  A shock serpent skeleton (Crypt:2)
  19 spiny frogs
  A dire elephant skeleton (Crypt:3)
  12 vault sentinels
  8 freezing wraiths
  A red draconian zombie (Crypt:2)
  A komodo dragon (shapeshifter) (Depths:3)
  13 demonic crawlers
  6 komodo dragons
  28 yaktaurs
  2 kobold demonologists
  2 rime drakes (shapeshifter)
  13 hellwings (Crypt:3)
  A white draconian skeleton (Crypt:3)
  5 trolls
  2 yaktaur skeletons
  2 guardian mummies
  9 tengu conjurers
  42 jumping spiders
  5 human skeletons
  3 hydra zombies (Crypt:3)
  A merfolk (D:9)
  A troll (shapeshifter) (Vaults:4)
  2 wind drakes (shapeshifter)
  A queen bee (shapeshifter) (Vaults:1)
  3 meliai (Spider:2)
  A meliai (shapeshifter) (Vaults:3)
  A polar bear (Lair:2)
  A blink frog (shapeshifter) (Vaults:2)
  9 tyrant leeches
  14 blink frogs (Lair:6)
  2 large abominations
  22 hornets
  A satyr zombie (Crypt:2)
  31 slime creatures
  A tengu simulacrum (Vaults:3)
  An iron troll skeleton (Crypt:1)
  8 bog bodies
  4 raiju (Abyss:3)
  2 hydra skeletons (Crypt:3)
  An ettin zombie (Crypt:2)
  5 dream sheep (Lair:4)
  2 hippogriffs (shapeshifter)
  A raiju (shapeshifter) (Vaults:1)
  A guardian serpent zombie (Crypt:2)
  A jumping spider zombie (Crypt:2)
  An ice dragon zombie (Crypt:3)
  An ettin skeleton (Crypt:2)
  A guardian serpent skeleton (Crypt:1)
  A centaur simulacrum (Gauntlet)
  A frost giant simulacrum (Depths:1)
  14 hippogriffs
  Sigmund (D:3)
  A black mamba zombie (Crypt:3)
  99 redbacks
  5 air elementals
  3 shadows
  29 tarantellas
  A water elemental (Elf:1)
  2 deep troll skeletons
  5 flying skulls
  13 spriggans
  3 ice dragon skeletons
  5 basilisks
  A fire dragon skeleton (Crypt:1)
  A vampire (D:12)
  An alligator skeleton (Crypt:3)
  17 wraiths
  4 wyverns
  4 fire elementals
  2 ushabtiu (Crypt:3)
  2 fire bats (D:4)
  A fire bat (shapeshifter) (Vaults:1)
  47 yaks
  A basilisk (shapeshifter) (Depths:3)
  A golden eye (shapeshifter) (Vaults:4)
  A yak (shapeshifter) (D:14)
  A steam dragon (D:10)
  A human simulacrum (Vaults:1)
  A wind drake skeleton (Crypt:2)
  2 hungry ghosts (D:12)
  21 vampire mosquitoes
  A neqoxec (Abyss:3)
  2 acid dragons (D:15)
  9 swamp worms
  A warg (Orc:2)
  A swamp worm (shapeshifter) (Depths:3)
  15 water moccasins
  2 soldier ants (shapeshifter)
  Duvessa (D:4)
  A water nymph zombie (Crypt:1)
  A floating eye (shapeshifter) (Vaults:5)
  7 porcupines
  33 orc warriors
  A snapping turtle zombie (Crypt:2)
  A floating eye (Depths:3)
  7 ice beasts
  6 phantoms
  A fire dragon simulacrum (Crypt:2)
  5 swamp drakes
  A slave (D:4)
  4 sky beasts
  3 human zombies
  8 necrophages
  A swamp dragon zombie (Crypt:3)
  2 black bears
  An orc skeleton (Vaults:2)
  22 wolves
  3 eyes of draining (D:14)
  A manticore zombie (Crypt:2)
  32 ogres
  A swamp dragon skeleton (Crypt:3)
  35 centaurs
  13 crocodiles
  10 boggarts
  A crocodile (shapeshifter) (Vaults:5)
  2 big kobolds (Depths:3)
  27 bullfrogs
  A glowing shapeshifter simulacrum (Depths:1)
  A wyvern zombie (D:10)
  Dowan (D:4)
  7 wyvern skeletons (Crypt:3)
  A hornet simulacrum (Gauntlet)
  A yak zombie (Crypt:1)
  A scorpion (D:4)
  22 killer bees
  6 howler monkeys
  A vampire bat (D:4)
  32 wights
  6 electric eels
  4 crimson imps
  6 centaur zombies
  7 hounds
  A quasit (D:5)
  A bullfrog zombie (D:11)
  A wyvern simulacrum (Gauntlet)
  A gnoll shaman (D:7)
  6 jellies
  5 centaur skeletons
  6 orc priests
  18 orc wizards
  5 iguanas
  A lightning spire (Abyss:3)
  10 worker ants
  A killer bee zombie (D:8)
  A big kobold zombie (Crypt:1)
  2 bullfrog simulacra (Gauntlet)
  A hound zombie (D:5)
  A worker ant zombie (D:9)
  14 adders
  8 gnolls
  A steam dragon skeleton (Crypt:2)
  5 shadow imps
  3 oozes
  A worm zombie (Crypt:2)
  An adder skeleton (D:8)
  3 dart slugs
  3 leopard geckos
  60 orcs
  11 bats
  8 giant cockroaches
  6 goblins
  11 hobgoblins
  4 jackals
  5 quokkas
  A ball python (D:3)
  2 frilled lizards (D:4)
  A jackal zombie (D:5)
  7 kobolds
  A leopard gecko skeleton (D:6)
  2 quokka skeletons (D:4)
  A quokka zombie (D:7)
  5 rats
  2 briar patches
  A bush (D:7)
  3 crawling corpses
  2 starspawn tentacles (Abyss:3)
2036 creatures vanquished.

Vanquished Creatures (collateral kills)
  A juggernaut (Depths:5)
  5 caustic shrikes (Depths:5)
  2 golden dragons
  A lich (Depths:3)
  A tentacled monstrosity (Vaults:5)
  3 titans
  A deep elf blademaster (Elf:3)
  3 quicksilver dragons
  A sphinx (Vaults:3)
  A thorn hunter (Swamp:3)
  2 shadow dragons
  3 storm dragons
  A draconian monk (Zot:1)
  2 tengu reavers
  4 fire giants
  4 frost giants
  3 deep elf sorcerers (Elf:3)
  5 vault wardens
  2 deep elf elementalists (Elf:3)
  3 ironheart preservers
  11 stone giants
  A draconian shifter (Zot:1)
  2 vampire knights
  5 very ugly things
  A green draconian (Depths:5)
  A deep elf annihilator (Elf:3)
  2 black draconians
  A yellow draconian (Depths:5)
  4 spark wasps
  A red draconian (Zot:1)
  2 deep elf demonologists
  3 deep elf death magi
  An ettin (Depths:3)
  3 yaktaur captains
  4 fire dragons
  8 hydras
  A small abomination (Vaults:5)
  A vault guard (Vaults:5)
  2 rakshasas
  2 great orbs of eyes
  An ice dragon (Zot:3)
  2 shambling mangroves (Swamp:2)
  3 spriggan air magi
  2 ghost crabs
  A deep troll shaman (Depths:2)
  A catoblepas (Depths:4)
  5 alligators
  7 two-headed ogres
  2 deep troll earth magi (Depths:1)
  A vampire mage (Depths:2)
  5 dancing weapons (Elf:2)
  5 ogre magi
  A deep elf knight (Vaults:4)
  4 spriggan berserkers
  A shadow wraith (Vaults:3)
  An iron troll (Depths:2)
  A hell knight (Depths:2)
  11 deep trolls
  An unseen horror (shapeshifter) (Depths:2)
  8 swamp dragons
  2 deep elf archers
  2 flayed ghosts
  3 wizards
  3 phantasmal warriors
  2 ironbrand convokers (Vaults:4)
  2 harpies (Vaults:4)
  2 necromancers
  2 orc knights
  9 deep elf magi
  18 ugly things
  2 wolf spiders
  2 moths of wrath
  A guardian serpent (shapeshifter) (Vaults:1)
  3 vault sentinels
  A spriggan skeleton (Depths:1)
  3 spiny frogs
  A freezing wraith (Vaults:4)
  24 yaktaurs
  2 jumping spiders (Crypt:3)
  A tengu conjurer (Depths:1)
  2 tyrant leeches (Swamp:3)
  2 polar bears (Vaults:2)
  A hornet (shapeshifter) (Depths:2)
  A yaktaur skeleton (Depths:1)
  A bog body (Swamp:2)
  5 hornets
  27 slime creatures
  A snapping turtle (shapeshifter) (Vaults:4)
  A deep troll skeleton (Depths:1)
  4 redbacks (Depths:1)
  4 spriggans
  2 flying skulls (Crypt:2)
  A water elemental (Depths:2)
  A hog (shapeshifter) (Vaults:4)
  3 wraiths
  6 swamp worms
  A vampire mosquito (Swamp:1)
  A floating eye (Depths:3)
  9 swamp drakes
  An eye of draining (shapeshifter) (Vaults:1)
  A boggart (shapeshifter) (Vaults:2)
  9 ogres
  An orc simulacrum (Vaults:2)
  A human simulacrum (Vaults:2)
  A wight (Crypt:2)
  A crimson imp (Depths:4)
  An iron imp (Depths:2)
  2 orc wizards (Vaults:2)
  An ufetubus (Vaults:2)
  A worm (shapeshifter) (Depths:3)
  An orc (Vaults:2)
  2 crawling corpses
  2 plants (Depths:3)
  5 withered plants (Crypt:3)
355 creatures vanquished.

Vanquished Creatures (others)
  2 fire giants (Depths:3)
  2 deep elf elementalists
  A deep elf demonologist (Elf:1)
  2 yaktaur captains
  An ice dragon (Depths:5)
  A centaur warrior (Depths:2)
  A two-headed ogre (Vaults:1)
  An ogre mage (Depths:1)
  A deep troll earth mage (Depths:2)
  3 deep elf knights (Elf:2)
  An unseen horror (Vaults:1)
  A phantasmal warrior (Vaults:5)
  An orb spider (Spider:4)
  A deep elf mage (Elf:2)
  A yaktaur (Depths:1)
  A tyrant leech (Swamp:4)
  2 wraiths
  A swamp drake (Swamp:3)
  An orc wizard (D:14)
  A bat (D:4)
  A briar patch (Swamp:1)
  A bush (Lair:6)
  10 fungi
  A lurking horror (Abyss:3)
  46 plants
  2 starspawn tentacles (Abyss:3)
  5 withered plants (Crypt:3)
92 creatures vanquished.

Grand Total: 2483 creatures vanquished

Notes
Turn   | Place    | Note
-------+----------+-------------------------------------------
     0 | D:1      | Isobel the Deep Dwarf Earth Elementalist began the quest
                  | for the Orb.
     0 | D:1      | Reached XP level 1. HP: 15/15 MP: 3/3
   186 | D:1      | Reached XP level 2. HP: 22/22 MP: 3/5
   956 | D:2      | Reached XP level 3. HP: 21/28 MP: 4/6
  1015 | D:2      | Noticed an ogre
  1021 | D:2      | Reached skill level 5 in Earth Magic
  1297 | D:2      | Killed an ogre
  1297 | D:2      | Reached XP level 4. HP: 22/36 MP: 4/9
  1360 | D:2      | Found a burning altar of Makhleb.
  1367 | D:2      | Reached XP level 5. HP: 26/42 MP: 7/11
  1370 | D:2      | Became a worshipper of Makhleb the Destroyer
  1600 | D:2      | Learned a level 4 spell: Petrify
  1631 | D:3      | Reached skill level 1 in Transmutations
  2517 | D:3      | Noticed Sigmund
  2522 | D:3      | Killed Sigmund
  2522 | D:3      | Reached XP level 6. HP: 22/49 MP: 7/12
  2631 | D:4      | Found a shattered altar of Ashenzari.
  2847 | D:4      | Found a large runed translucent door.
  2847 | D:4      | Found a large runed translucent door.
  2965 | D:4      | Found a large runed translucent door.
  2965 | D:4      | Found a large runed translucent door.
  2966 | D:4      | Noticed Dowan
  2973 | D:4      | Noticed Duvessa
  2984 | D:4      | Killed Duvessa
  2984 | D:4      | Reached skill level 5 in Stealth
  2987 | D:4      | Killed Dowan
  2987 | D:4      | Reached XP level 7. HP: 36/55 MP: 5/13
  3083 | D:4      | Reached skill level 6 in Earth Magic
  3148 | D:4      | Reached * piety under Makhleb
  3164 | D:4      | Found a transporter.
  3231 | D:4      | Noticed Pikel
  3296 | D:4      | Killed Pikel
  3296 | D:4      | Reached skill level 5 in Transmutations
  3296 | D:4      | Reached skill level 8 in Earth Magic
  3296 | D:4      | Reached XP level 8. HP: 28/62 MP: 1/14
  3466 | D:4      | Found a transporter.
  3630 | D:5      | Entered Level 5 of the Dungeon
  3740 | D:5      | Learned a level 3 spell: Stone Arrow
  3746 | D:5      | Learned a level 5 spell: Lee's Rapid Deconstruction
  3837 | D:5      | Found a runed translucent gate.
  3838 | D:5      | Found a runed translucent gate.
  3840 | D:5      | Found a runed translucent gate.
  3841 | D:5      | Noticed Misha's ghost (novice TrFi)
  3849 | D:5      | Got a translucent long sword
  3850 | D:5      | Identified the +8 long sword of Obsession {slice, rElec
                  | Str+4} (You found it on level 5 of the Dungeon)
  4350 | D:5      | Reached skill level 1 in Short Blades
  4848 | D:5      | Gained mutation: You passively map the area around you.
                  | [Deep Dwarf growth]
  4848 | D:5      | Reached XP level 9. HP: 65/68 MP: 15/15
  5137 | D:4      | Reached ** piety under Makhleb
  5218 | D:6      | Found an ancient bone altar of Kikubaaqudgha.
  5229 | D:6      | Reached skill level 9 in Earth Magic
  5341 | D:6      | Found a blossoming altar of Fedhas.
  5663 | D:6      | Reached skill level 5 in Spellcasting
  6292 | D:7      | Reached *** piety under Makhleb
  6319 | D:7      | Found Riggiam's Weapon Emporium.
  6362 | D:7      | Found a bloodstained altar of Trog.
  6368 | D:7      | Found a sparkling altar of Nemelex Xobeh.
  6385 | D:7      | Reached skill level 10 in Earth Magic
  6438 | D:7      | Found a staircase to the Ecumenical Temple.
  7076 | D:7      | Found a blossoming altar of Fedhas.
  7124 | D:7      | Reached XP level 10. HP: 74/74 MP: 17/17
  7126 | D:7      | Reached skill level 11 in Earth Magic
  7333 | D:8      | Found a white marble altar of Elyvilon.
  7575 | D:8      | Found a shimmering altar of Xom.
  7577 | D:8      | Noticed Psyche
  7577 | D:8      | Noticed Gastronok
  7592 | D:8      | Killed Psyche
  7592 | D:8      | Reached skill level 12 in Earth Magic
  7967 | D:8      | Killed Gastronok
  8483 | D:9      | Reached **** piety under Makhleb
  8691 | D:9      | Reached skill level 10 in Stealth
  8731 | D:9      | Learned a level 3 spell: Vampiric Draining
  8785 | D:9      | Found a staircase to the Lair.
  8792 | D:9      | Noticed Erolcha
  8805 | D:9      | Killed Erolcha
  8805 | D:9      | Reached skill level 1 in Necromancy
  8805 | D:9      | Reached skill level 13 in Earth Magic
  8805 | D:9      | Reached XP level 11. HP: 88/88 MP: 3/19
  9029 | D:9      | Found an opulent altar of Gozag.
  9346 | D:10     | Entered Level 10 of the Dungeon
  9736 | D:10     | Found a sparkling altar of Nemelex Xobeh.
 10291 | D:11     | Noticed a two-headed ogre
 10292 | D:11     | Killed a two-headed ogre
 10385 | D:11     | Found Cod Ryr's General Store.
 10425 | D:11     | Killed an unseen horror
 10436 | D:11     | Reached ***** piety under Makhleb
 11347 | D:11     | Noticed Nergalle
 11359 | D:11     | Killed Nergalle
 11515 | D:12     | Noticed a five-headed hydra
 11530 | D:12     | Killed a five-headed hydra
 11530 | D:12     | Reached skill level 5 in Fighting
 11530 | D:12     | Reached XP level 12. HP: 101/101 MP: 22/22
 11539 | D:12     | Reached skill level 14 in Earth Magic
 11646 | D:12     | Reached skill level 5 in Necromancy
 11750 | D:12     | Found a staircase to the Orcish Mines.
 11756 | D:12     | Got a translucent shortbow
 11757 | D:12     | Identified the +9 shortbow "Apparch" {venom, -Tele +Inv
                  | Stlth+} (You found it on level 12 of the Dungeon)
 11788 | D:12     | Got a scorched plate armour
 11802 | D:12     | Noticed a rakshasa
 11919 | D:12     | Killed a rakshasa
 12072 | D:12     | Noticed Sonja
 12392 | D:12     | Killed Sonja
 12566 | D:12     | Learned a level 1 spell: Apportation
 12936 | Lair:1   | Entered Level 1 of the Lair of Beasts
 13178 | Lair:1   | Reached skill level 1 in Translocations
 13188 | Lair:1   | Reached skill level 1 in Evocations
 13837 | Lair:1   | Got a ripped robe
 13848 | Lair:1   | Identified the +4 robe of Darkness {rC+} (You found it on
                  | level 1 of the Lair of Beasts)
 14562 | Lair:2   | Reached skill level 15 in Earth Magic
 14924 | Lair:2   | Identified a scroll of acquirement
 14924 | Lair:2   | Identified the Grimoire of the Frostbite and Orientation
                  | (You acquired it on level 2 of the Lair of Beasts)
 15490 | Lair:3   | Reached ****** piety under Makhleb
 15490 | Lair:3   | Reached skill level 5 in Evocations
 16217 | Lair:4   | Noticed a death yak
 16239 | Lair:4   | Reached XP level 13. HP: 107/107 MP: 25/25
 16380 | Lair:4   | Found a staircase to the Swamp.
 17497 | Lair:4   | Found a hole to the Spider Nest.
 18263 | Lair:5   | Reached skill level 16 in Earth Magic
 18406 | Lair:5   | Found a gate leading to a gauntlet.
 18419 | Gauntlet | Entered a Gauntlet
 18419 | Gauntlet | Found a transporter.
 18429 | Gauntlet | Found a transporter.
 18437 | Gauntlet | Found a runed translucent gate.
 18438 | Gauntlet | Found a runed translucent gate.
 18438 | Gauntlet | Found a transporter.
 18440 | Gauntlet | Found a transporter.
 18448 | Gauntlet | Found a transporter.
 18448 | Gauntlet | Noticed an entropy weaver
 18464 | Gauntlet | Found a transporter.
 18474 | Gauntlet | Found a transporter.
 18484 | Gauntlet | Found a transporter.
 18499 | Gauntlet | Found a transporter.
 18509 | Gauntlet | Found a runed translucent door.
 18512 | Gauntlet | Found a transporter.
 18512 | Gauntlet | Found a transporter.
 18516 | Gauntlet | Found a runed translucent door.
 18525 | Gauntlet | Found a transporter.
 18565 | Gauntlet | Found a transporter.
 18584 | Gauntlet | Found a transporter.
 18592 | Gauntlet | Found a runed translucent gate.
 18871 | Gauntlet | Noticed a minotaur
 18893 | Gauntlet | Killed a minotaur
 19352 | D:4      | Got a jewelled ring mail
 19359 | D:4      | Identified the Disquisition on Helpful Attacks
 19373 | D:4      | Identified the +6 ring mail "Umuyss" {rC+ MR- Str+5} (You
                  | found it on level 4 of the Dungeon)
 19932 | Lair:5   | Reached skill level 1 in Shields
 20177 | Lair:5   | Got an encrusted glaive
 20253 | Lair:5   | Reached skill level 10 in Evocations
 20926 | Lair:5   | Learned a level 6 spell: Iron Shot
 20970 | Lair:6   | Entered Level 6 of the Lair of Beasts
 21067 | Lair:6   | Reached skill level 1 in Conjurations
 21650 | Lair:6   | Gained mutation: You resist negative energy. (rN+) [Deep
                  | Dwarf growth]
 21650 | Lair:6   | Reached XP level 14. HP: 117/117 MP: 26/27
 24214 | D:13     | Reached skill level 5 in Dodging
 25356 | D:13     | Found a bloodstained altar of Trog.
 25518 | D:14     | Reached skill level 5 in Shields
 25883 | D:14     | Found a portal to a secret trove of treasure.
 25892 | D:14     | Identified the cursed +2 short sword of Inconvenience
                  | {speed, rF- Dex+5 Stlth+}
 26597 | D:14     | Reached skill level 10 in Spellcasting
 26867 | D:14     | Reached skill level 5 in Conjurations
 26937 | D:14     | Found a gate to the Vaults.
 28307 | D:14     | You paid a toll of +3 ice dragon scales to enter a treasure
                  | trove
 28308 | Trove    | Entered a treasure trove
 28311 | Trove    | Found the +2 pair of boots of the Assassin {Detection Stab+
                  | Stlth++}
 28327 | Trove    | Got an encrusted cloak
 28338 | Trove    | Identified the +1 cloak of Exclusion {rF+ rN+ SInv} (You
                  | found it in a treasure trove)
 28365 | Trove    | Got a dazzling helmet
 28376 | Trove    | Identified the -2 helmet of Daisies {rElec rC+} (You found
                  | it in a treasure trove)
 28422 | Trove    | Got a distressingly furry ring mail
 28423 | Trove    | Identified the +2 ring mail of Susoudor {rF+ Slay+3} (You
                  | found it in a treasure trove)
 28426 | Trove    | Got a spiked scale mail
 28427 | Trove    | Identified the +3 scale mail of the Stag {+Blink rElec
                  | rCorr} (You found it in a treasure trove)
 28901 | D:14     | Learned a level 6 spell: Statue Form
 28925 | D:15     | Entered Level 15 of the Dungeon
 29318 | D:15     | Reached XP level 15. HP: 129/129 MP: 7/29
 29605 | D:15     | Noticed a quicksilver dragon
 29607 | D:15     | Noticed an azure jelly
 29607 | D:15     | a quicksilver dragon changed into an azure jelly
 29611 | D:15     | an azure jelly changed into an alligator snapping turtle
 29612 | D:15     | Noticed a shadow dragon
 29612 | D:15     | an alligator snapping turtle changed into a shadow dragon
 29617 | D:15     | Noticed an acid blob
 29617 | D:15     | a shadow dragon changed into an acid blob
 29622 | D:15     | Noticed a shadow dragon
 29622 | D:15     | an acid blob changed into a shadow dragon
 29623 | D:15     | Noticed an iron giant
 29623 | D:15     | a shadow dragon changed into an iron giant
 30313 | D:15     | Found a staircase to the Depths.
 30690 | Orc:1    | Entered Level 1 of the Orcish Mines
 30781 | Orc:1    | Found a roughly hewn altar of Beogh.
 30891 | Orc:1    | Noticed Josephine
 30898 | Orc:1    | Killed Josephine
 30898 | Orc:1    | Reached skill level 17 in Earth Magic
 31114 | Orc:1    | Noticed Urug
 31122 | Orc:1    | Killed Urug
 31172 | Orc:2    | Entered Level 2 of the Orcish Mines
 31484 | Orc:2    | Noticed Nessos
 31491 | Orc:2    | Killed Nessos
 32093 | Orc:2    | Found a staircase to the Elven Halls.
 32270 | Orc:2    | Found Xunoer's Book Boutique.
 32270 | Orc:2    | Found Mocsud's Food Emporium.
 32272 | Orc:2    | Found Tarchypu's Food Shoppe.
 32274 | Orc:2    | Found Xuiwk's Jewellery Shop.
 32278 | Orc:2    | Bought a book of Unlife for 780 gold pieces
 32284 | Orc:2    | Learned a level 5 spell: Borgnjor's Vile Clutch
 32292 | Orc:2    | Bought the ring of the Mage {Wiz MR++ Int+3} for 723 gold
                  | pieces
 32292 | Orc:2    | Found the ring of the Mage {Wiz MR++ Int+3}
 32932 | D:11     | Learned a level 2 spell: Passwall
 32935 | D:11     | Learned a level 2 spell: Sublimation of Blood
 32938 | D:11     | Learned a level 2 spell: Blink
 33124 | Spider:1 | Entered Level 1 of the Spider Nest
 33325 | Spider:1 | Noticed a ghost moth
 33330 | Spider:1 | Reached skill level 10 in Shields
 33335 | Spider:1 | Killed a ghost moth
 33403 | Spider:1 | Got a distressingly furry scale mail
 33407 | Spider:1 | Identified the +3 scale mail of the Empire {rC- Int+9} (You
                  | found it on level 1 of the Spider Nest)
 34652 | Spider:2 | Reached XP level 16. HP: 141/141 MP: 17/31
 35170 | Spider:3 | Reached skill level 18 in Earth Magic
 36058 | Spider:4 | Entered Level 4 of the Spider Nest
 36100 | Spider:4 | Noticed Nikola
 36111 | Spider:4 | Killed Nikola
 36639 | Spider:4 | Reached skill level 10 in Fighting
 36949 | Spider:4 | Reached skill level 19 in Earth Magic
 36957 | Spider:4 | Learned a level 6 spell: Death Channel
 37347 | Spider:4 | Reached XP level 17. HP: 153/153 MP: 25/33
 37878 | Spider:4 | Got a gossamer rune of Zot
 38430 | Vaults:1 | Entered Level 1 of the Vaults
 38669 | Vaults:1 | Found Viaral's Book Shop.
 38701 | Vaults:1 | Reached skill level 10 in Necromancy
 39064 | Vaults:1 | You fall into a shaft and drop 1 floor!
 39657 | Vaults:2 | Identified the Compendium of Intoxication and
                  | Weightlessness
 40055 | Vaults:2 | Identified the cursed ring "Ohiagah" {MP+9 Str-5 Dex-4 SInv
                  | Stlth+}
 40079 | Vaults:2 | Noticed Saint Roka
 40094 | Vaults:2 | Killed Saint Roka
 40094 | Vaults:2 | Gained mutation: You passively map a large area around you.
                  | [Deep Dwarf growth]
 40094 | Vaults:2 | Reached XP level 18. HP: 163/163 MP: 14/36
 40872 | Vaults:2 | Found a staircase to the Crypt.
 41286 | Vaults:3 | Reached skill level 15 in Spellcasting
 41307 | Vaults:3 | Noticed Aizul
 41354 | Vaults:3 | Killed Aizul
 42369 | Vaults:4 | Found Putoas's Armour Shoppe.
 42404 | Vaults:4 | Found Rupticro's Antique Weapon Shoppe.
 42624 | Vaults:4 | Found Ocsoal's Jewellery Shop.
 42632 | Vaults:4 | Bought a ring of the Octopus King {Wiz AC+1 EV+1 Str+1
                  | Int+1 Dex+1} for 775 gold pieces
 42632 | Vaults:4 | Found the ring of the Octopus King {Wiz AC+1 EV+1 Str+1
                  | Int+1 Dex+1}
 43068 | Vaults:4 | Reached XP level 19. HP: 164/175 MP: 23/38
 43144 | Vaults:4 | Found a radiant altar of Vehumet.
 43155 | Vaults:4 | Got a ripped robe
 43168 | Vaults:4 | Identified the +2 robe of the Camelopard {Dex+4} (You found
                  | it on level 4 of the Vaults)
 43180 | Vaults:4 | Got a transparent hat
 43191 | Vaults:4 | Identified the +2 hat of Atheism {rF+} (You found it on
                  | level 4 of the Vaults)
 43766 | Vaults:4 | Found Zexes's Assorted Antiques.
 43768 | Vaults:4 | Found Bupaxz Feone's General Store.
 43772 | Vaults:4 | Bought a scroll of enchant weapon for 285 gold pieces
 44148 | Vaults:4 | Bought a pitted whip for 285 gold pieces
 44148 | Vaults:4 | Identified the +8 whip of Departure {venom, rF+} (You
                  | bought it in a shop on level 4 of the Vaults)
 44889 | Vaults:1 | Reached skill level 20 in Earth Magic
 45269 | Vaults:1 | You fall into a shaft and drop 1 floor!
 45625 | Swamp:1  | Entered Level 1 of the Swamp
 45648 | Swamp:1  | Got a scorched pewter ring
 45650 | Swamp:1  | Identified the ring "Put-Me-On" {+Fly MR+} (You found it on
                  | level 1 of the Swamp)
 46081 | Swamp:1  | Got a distressingly furry ring mail
 46583 | Swamp:2  | Noticed Jorgrun
 46590 | Swamp:2  | Killed Jorgrun
 47350 | Swamp:2  | Identified the +1 ring mail "Okhlilun" {Int+3 Dex+2} (You
                  | found it on level 1 of the Swamp)
 47535 | Swamp:3  | Noticed Roxanne
 47540 | Swamp:3  | Killed Roxanne
 48297 | Swamp:4  | Entered Level 4 of the Swamp
 48383 | Swamp:4  | Noticed Mara
 48390 | Swamp:4  | Noticed Isobel's illusion
 48396 | Swamp:4  | Killed Mara
 48558 | Swamp:4  | Reached XP level 20. HP: 186/186 MP: 30/40
 48595 | Swamp:4  | Got a decaying rune of Zot
 48875 | Swamp:4  | Noticed Louise
 48887 | Swamp:4  | Killed Louise
 49044 | Swamp:4  | Learned a level 9 spell: Shatter
 49414 | Elf:1    | Entered Level 1 of the Elven Halls
 49454 | Elf:1    | Reached skill level 21 in Earth Magic
 50723 | Elf:2    | Found Veomynt's Food Boutique.
 51117 | Elf:2    | Found a runed translucent gate.
 51117 | Elf:2    | Found a runed translucent gate.
 51117 | Elf:2    | Found a runed translucent gate.
 51778 | Elf:3    | Entered Level 3 of the Elven Halls
 53137 | Elf:3    | Found the +10 dark maul {crush}
 53149 | Elf:3    | Identified the Almanac of Venomous Attacks
 53160 | Elf:3    | Identified the +1 leather armour of Immorality {rElec rC-
                  | SInv}
 53249 | Elf:3    | Got a heavily runed pewter amulet
 53263 | Elf:3    | Got a crude tin amulet
 53483 | Elf:3    | Identified the amulet "Ybosab" {*Drain +Rage Str+7} (You
                  | found it on level 3 of the Elven Halls)
 53727 | D:9      | Identified the amulet "Sef Toh" {Inacc Fragile rC+++ Int+4}
                  | (You found it on level 3 of the Elven Halls)
 54447 | Depths:1 | Entered Level 1 of the Depths
 54458 | Depths:1 | Reached skill level 22 in Earth Magic
 54460 | Depths:1 | Reached XP level 21. HP: 181/195 MP: 18/41
 54522 | Depths:1 | Found a gateway to a ziggurat.
 54587 | Depths:1 | Found Dicw's Mayhem Merchandise.
 54662 | Depths:1 | Found a gateway to Hell.
 54929 | Depths:1 | Reached skill level 15 in Shields
 55071 | Depths:1 | Found a one-way gate to the infinite horrors of the Abyss.
 55309 | Depths:2 | Found a one-way gate leading to the halls of Pandemonium.
 55359 | Depths:2 | Got a sparkling garnet amulet
 55413 | Depths:2 | Identified the amulet of Yclug {Inacc MR+} (You found it on
                  | level 2 of the Depths)
 56117 | Depths:2 | Found a runed translucent door.
 56118 | Depths:2 | Found a runed translucent door.
 56951 | Depths:3 | Found Yheic's Antique Armour Boutique.
 57117 | Depths:3 | Paralysed by a floating eye for 3 turns
 57130 | Depths:3 | Noticed a golden dragon
 57135 | Depths:3 | Killed a golden dragon
 57139 | Depths:3 | Paralysed by a floating eye for 2 turns
 57144 | Depths:3 | Paralysed by a floating eye for 4 turns
 57154 | Depths:3 | Reached XP level 22. HP: 207/207 MP: 23/44
 57277 | Depths:3 | Noticed a juggernaut
 57278 | Depths:3 | Reached skill level 15 in Fighting
 57285 | Depths:3 | Killed a juggernaut
 57294 | Depths:3 | Noticed a golden dragon
 57302 | Depths:3 | Paralysed by a floating eye for 2 turns
 57304 | Depths:3 | Killed a golden dragon
 57594 | Depths:3 | Found the +4 dagger "Morg" {pain, MR+ Int+5}
 58006 | Depths:4 | Found Plog's Pet Rocks.
 58550 | Depths:5 | Entered Level 5 of the Depths
 58673 | Depths:5 | Noticed a juggernaut
 58683 | Depths:5 | Killed a juggernaut
 58701 | Depths:5 | Noticed a caustic shrike
 58701 | Depths:5 | Noticed a caustic shrike
 58701 | Depths:5 | Noticed a caustic shrike
 58701 | Depths:5 | Noticed a caustic shrike
 58705 | Depths:5 | Killed a caustic shrike
 58707 | Depths:5 | Killed a caustic shrike
 58708 | Depths:5 | Killed a caustic shrike
 58709 | Depths:5 | Killed a caustic shrike
 58771 | Depths:5 | Noticed a caustic shrike
 58771 | Depths:5 | Noticed a caustic shrike
 58772 | Depths:5 | Noticed a caustic shrike
 58773 | Depths:5 | Noticed a caustic shrike
 58773 | Depths:5 | Noticed a caustic shrike
 58775 | Depths:5 | Killed a caustic shrike
 58780 | Depths:5 | Killed a caustic shrike
 58780 | Depths:5 | Reached skill level 5 in Short Blades
 58781 | Depths:5 | Killed a caustic shrike
 58782 | Depths:5 | Killed a caustic shrike
 58782 | Depths:5 | Killed a caustic shrike
 58904 | Depths:5 | Noticed a juggernaut
 58911 | Depths:5 | Killed a juggernaut
 58960 | Depths:5 | Reached XP level 23. HP: 219/219 MP: 29/46
 59021 | Depths:5 | Found a gate to the Realm of Zot.
 59329 | Depths:5 | Noticed a caustic shrike
 59330 | Depths:5 | Noticed a caustic shrike
 59330 | Depths:5 | Noticed a caustic shrike
 59340 | Depths:5 | Killed a caustic shrike
 59341 | Depths:5 | Killed a caustic shrike
 59346 | Depths:5 | Killed a caustic shrike
 59361 | Depths:5 | Noticed a caustic shrike
 59367 | Depths:5 | Killed a caustic shrike
 59581 | Depths:5 | Reached skill level 10 in Dodging
 60157 | Vaults:5 | Entered Level 5 of the Vaults
 60172 | Vaults:5 | Noticed an ancient lich
 60196 | Vaults:5 | Killed an ancient lich
 60580 | Vaults:5 | Gained mutation: Armour fits poorly on your strangely
                  | shaped body. [a shining eye]
 60625 | Vaults:5 | Cast into level 2 of the Abyss (+5 battleaxe of distortion)
 60625 | Abyss:2  | Found a snail-covered altar of Cheibriados.
 60652 | Abyss:3  | Found a corrupted altar of Lugonu.
 60966 | Abyss:3  | Got an abyssal rune of Zot
 60987 | Vaults:5 | Escaped the Abyss
 61181 | Vaults:5 | Reached XP level 24. HP: 234/234 MP: 7/46
 61436 | Vaults:5 | Reached skill level 10 in Short Blades
 61867 | Vaults:5 | Got a bloodstained rapier
 61888 | Vaults:5 | Identified the +5 rapier "Istri" {venom, *Slow rF+++ Dex-5
                  | SInv} (You found it on level 5 of the Vaults)
 62067 | Vaults:5 | Got a translucent wooden ring
 62070 | Vaults:5 | Identified the ring "Keedieg" {-Tele rF+ rN+ Int+3} (You
                  | found it on level 5 of the Vaults)
 62074 | Vaults:5 | Got a silver rune of Zot
 62218 | Vaults:5 | Identified Sif Muna's Almanac of the Lucky Compass
 63003 | Crypt:1  | Entered Level 1 of the Crypt
 63020 | Crypt:1  | Noticed Boris
 63031 | Crypt:1  | Killed Boris
 63110 | Crypt:1  | Noticed an ancient lich
 63124 | Crypt:1  | Killed an ancient lich
 63228 | Crypt:1  | Noticed an ancient lich
 63396 | Crypt:1  | Got an ichor-stained scale mail
 63401 | Crypt:1  | Identified the +5 scale mail of Beogh's Pride {rElec rF-
                  | rCorr Stlth-} (You found it on level 1 of the Crypt)
 63588 | Crypt:1  | Found a transporter.
 63817 | Crypt:1  | Found a transporter.
 64048 | Crypt:1  | Killed an ancient lich
 64121 | Crypt:1  | Got a spiked hat
 64132 | Crypt:1  | Identified the +2 hat of Pandemonium {rPois Str+4} (You
                  | found it on level 1 of the Crypt)
 64238 | Crypt:2  | Noticed Sojobo
 64252 | Crypt:2  | Killed Sojobo
 64258 | Crypt:2  | Reached skill level 15 in Dodging
 64682 | Crypt:2  | Reached XP level 25. HP: 247/247 MP: 46/46
 65106 | Crypt:3  | Entered Level 3 of the Crypt
 66134 | Crypt:3  | Identified Utsylil's Guide on Sinister Rites and Creation
 66277 | Crypt:3  | Got a scorched bone ring
 66278 | Crypt:3  | Identified the ring "Fuadd" {Ice Int+4} (You found it on
                  | level 3 of the Crypt)
 66344 | Crypt:3  | Found an ancient bone altar of Kikubaaqudgha.
 66557 | Crypt:3  | Found the +12 Vampire's Tooth {vamp}
 66558 | Crypt:3  | Noticed an ancient lich
 66558 | Crypt:3  | Noticed an ancient lich
 66566 | Crypt:3  | Killed an ancient lich
 66588 | Crypt:3  | Killed an ancient lich
 66641 | Crypt:3  | Got a smoking wooden ring
 66655 | Crypt:3  | Got a sparkling bronze ring
 66657 | Crypt:3  | Identified the ring of Dishonesty {rN+ Str+3 Dex+4} (You
                  | found it on level 3 of the Crypt)
 66659 | Crypt:3  | Identified the ring "Atracvoi" {rN+ MR+ Str+4} (You found
                  | it on level 3 of the Crypt)
 66686 | Crypt:3  | Identified the Volume of Flamy Clay
 67184 | Crypt:3  | Found a staircase to the Tomb.
 67457 | Crypt:3  | Got a scintillating granite ring
 67459 | Crypt:3  | Identified the ring "Loggid" {Ice rN+ Str+4} (You found it
                  | on level 3 of the Crypt)
 67706 | Crypt:3  | Learned a level 8 spell: Necromutation
 68549 | Vaults:1 | Bought a book of the Sky for 1300 gold pieces
 68791 | Zot:1    | Entered Level 1 of the Realm of Zot
 68976 | Zot:1    | Got a blackened falchion
 69463 | Zot:1    | Reached skill level 10 in Transmutations
 70830 | Zot:2    | Reached XP level 26. HP: 261/261 MP: 42/47
 70871 | Zot:2    | Got a steaming glaive
 71801 | Zot:3    | You fall into a shaft and drop 1 floor!
 71801 | Zot:4    | Noticed an ancient lich
 71813 | Zot:4    | HP: 4/261 [Killer Klown/+12 club (21)]
 71814 | Zot:4    | Slain by a storm dragon

Levels and vault maps discovered:
D:1:      dpeg_arrival_stone_temple_mockup, layout_loops_ring, minmay_3d_cube
D:2:      layout_basic, first_ration, bloody_makhleb
D:3:      layout_loops_ring, uniq_sigmund
D:4:      gammafunk_cloud_chamber, layout_basic, nicolae_ashenzari_panopticon,
          nicolae_ossuary_entry_ruins, roderic_batcave,
          minmay_hollow_rounded_squares, uniq_duvessa, uniq_pikel
D:5:      minmay_octagon_keep, layout_loops_ring, gammafunk_ghost_necromancy
D:6:      layout_basic, old_standard_altar, lemuel_crystal_altar
D:7:      layout_cave_pods, nemelex_xobeh_ov_fountains_minmay,
          old_standard_altar, minmay_temple_entry_ruins, serial_shops,
          nicolae_shop_crystal, fedhas_altar_decomposition
D:8:      layout_loops_ring, elyvilon_altar_3, basic_altar, uniq_psyche,
          uniq_gastronok
D:9:      layout_loops_cross, kennysheep_mini, lair_entry_dummy,
          hangedman_fish_farm, disabler_island, uniq_erolcha
D:10:     layout_roguey, basic_altar
D:11:     layout_cave_pods, serial_shops, nicolae_shop_behind_doors,
          uniq_nergalle
D:12:     layout_cave_pools, orc_0_dummy, uniq_sonja
D:13:     layout_roguey, lemuel_centaur_altar
D:14:     layout_layer_cave, david_vaults_4, enter_trove_2
D:15:     hangedman_depths_entry_civil_slaughter, layout_cave_pods
Lair:1:   layout_loops_ring, chequers_serial_rivers_micro_d, minivault_25,
          beast_lair_carwin_2, lemuel_fruit_tree, serial_bayou_shore_b
Lair:2:   layout_roguey
Lair:3:   layout_regular_city, minmay_hedge_maze, grunt_megastairs_4
Lair:4:   layout_cave_pods, skrybe_swamp_entry_bodies,
          nicolae_spider_entry_tight_spaces
Lair:5:   layout_layer_cave, minmay_slime_entry_oklob_enclosed,
          gauntlet_entry_generic
Lair:6:   minmay_lair_end_frog_pond, layout_layer_cave, st_stairs_10
Swamp:1:  layout_falls_marsh, hangedman_swamp_pad, infiniplex_staircase_pool_2
Swamp:2:  layout_basic_swamp, infiniplex_staircase_pool, uniq_jorgrun
Swamp:3:  layout_falls_marsh, serial_swamp_ruin, hangedman_swamp_ruin_hall,
          evilmike_swamp_ruin_house_5, evilmike_swamp_ruin_house_4, uniq_roxanne
Swamp:4:  swamp, layout_basic_swamp, uniq_mara, uniq_louise
Spider:1: layout_spider_delve, nicolae_crawler_farm
Spider:2: layout_spider_delve
Spider:3: layout_spider_delve
Spider:4: grunt_spider_rune_circles, drop_trap, einodemon_crawler_minivault,
          uniq_nikola
Orc:1:    layout_caves, basic_altar, uniq_urug, uniq_josephine
Orc:2:    st_orc_rangers, layout_caves, uniq_nessos
Elf:1:    layout_geoelf_grid, hangedman_corner_corridor
Elf:2:    layout_geoelf_octagon, serial_shops, shop
Elf:3:    minmay_elf_hall_curves, layout_geoelf_octagon,
          nicolae_elf_stone_circles, hangedman_elven_ridges
Vaults:1: v_misc_1, v_misc_12, v_rooms_5, st_eye, v_misc_5,
          ontoclasm_vaults_shuriken, nicolae_vaults_border_crossing, v_misc_12,
          nicolae_vaults_asterisk, vaults_room_hallway, vaults_room_ringed_pool,
          v_misc_8, ontoclasm_vaults_tryst, layout_vaults_maze_bifur,
          serial_shops, shop
Vaults:2: nicolae_vaults_mini_display_case, dpeg_vaults_monster_row,
          minmay_crypt_entry_skeletal_spiral, hangedman_vaults_nails,
          nicolae_vaults_diagonal_hallway_7, hangedman_vaults_corner,
          ontoclasm_vaults_claustrophobia, vaults_room_door_hall,
          grunt_vaults_funnel, nicolae_vaults_know_your_exits,
          vaults_room_semicircle, ontoclasm_vaults_idyll, v_misc_17,
          serial_ice_h, v_misc_8, vaults_room_stairs_pillars,
          layout_vaults_omnibox, uniq_saint_roka
Vaults:3: vaults_dpeg_diagonal, vaults_mumra_hexcomb,
          nicolae_vaults_network_square, v_misc_28, grunt_vaults_hallway_long,
          ontoclasm_vaults_ligature, v_misc_3, hangedman_vaults_locks,
          grunt_vaults_twisty, layout_vaults_ring, uniq_aizul
Vaults:4: vaults_standard_mumra_lines, hangedman_vaults_pinch,
          ontoclasm_vaults_ring_square, nicolae_vaults_network_periphery,
          grunt_tower_of_power, vaults_room_corners,
          nicolae_vaults_ninety_degrees, vaults_room_pools,
          hangedman_vaults_slice, grunt_vaults_hallway_long, vaults_dpeg_hooks,
          layout_vaults_quadrants, serial_shops, shop, shop, shop, shop, shop
Vaults:5: serial_shops
Crypt:1:  gammafunk_the_bubble [the_bubble_gammafunk_split], layout_catacombs,
          grunt_crypt_arrival_webbed, uniq_boris
Crypt:2:  layout_misc_corridors, uniq_sojobo
Crypt:3:  evilmike_haunted_forest
Depths:1: layout_cross, enter_ziggurat_d, abyss_entry_crystal,
          nicolae_benzene_ring, hell_entry, minmay_shop_mayhem,
          minmay_strange_pillars, drop_trap, feat_on_display
Depths:2: minmay_the_grid_triangle_9x9_rhombus_full_mashed
          [minmay_the_grid_triangle_9x9_sparse_checkered,
          minmay_the_grid_triangle_9x9_skeleton,
          minmay_the_grid_triangle_9x9_limited_checkers,
          minmay_the_grid_triangle_9x9_thin_v,
          minmay_the_grid_triangle_9x9_wacky_v,
          minmay_the_grid_triangle_9x9_impossible_snake,
          minmay_the_grid_triangle_9x9_tough_junction,
          minmay_the_grid_triangle_9x9_prize_top_heavy], layout_long_grid,
          serial_rivers, chequers_serial_rivers_micro_e,
          chequers_serial_rivers_micro_b, chequers_serial_rivers_room_b,
          chequers_serial_rivers_micro_e, hell_entry, grunt_pan_entry_sceptre,
          st_stairs_6, serial_bayou_shore_a
Depths:3: grunt_bent_corner, layout_gridlike, hell_entry, serial_shops,
          nicolae_shop_trees, marbit_kobold_abyss_entry, pan_entry,
          minmay_misc_feat_chi, roderic_lattice_octagonal_star
Depths:4: impenetrable_vault, layout_basic, hangedman_decor_peaks_small,
          pf_dread_powers_of_hell, nicolae_abyss_entry_one_way_or_another,
          guppyfry_shop_earth, minmay_staircase_bubble
Depths:5: grunt_runaround [grunt_runaround_doors_1, grunt_runaround_doors_2,
          grunt_runaround_doors_3, grunt_runaround_doors_4,
          grunt_runaround_zot], serial_shops, hell_entry
Zot:1:    layout_concentric_octagons
Zot:2:    layout_concentric_octagons
Zot:3:    layout_onion, hangedman_player_shredder
Zot:4:    ebering_klown_carousel, layout_basic, grunt_megastairs_3

Skill      XL: |  1  2  3  4  5  6  7  8  9 10 11 12 13 14 15 16 17 18 19 20 21 22 23 24 25 26 |
---------------+-------------------------------------------------------------------------------+-----
Spellcasting   | 2 3 4 5 7 8 9 10 11 12 14 15 16 18 19 20 | 20.0
Earth Magic    | 5 8 10 13 15 16 17 19 20 22 | 22.0
Transmutations | 2 3 5 6 7 8 9 10 11 | 11.6
Stealth        | 4 5 6 7 9 10 | 10.0
Short Blades   | 1 3 6 9 10 | 10.0
Fighting       | 3 5 7 8 10 12 13 14 15 17 18 20 | 20.0
Necromancy     | 1 4 7 8 12 13 14 | 14.0
Translocations | 2 |  2.0
Evocations     | 5 10 11 12 | 12.0
Shields        | 4 6 10 11 12 14 15 | 15.0
Conjurations   | 2 5 |  5.2
Dodging        | 3 5 8 12 15 | 15.0

Action                   |  1- 3 |  4- 6 |  7- 9 | 10-12 | 13-15 | 16-18 | 19-21 | 22-24 | 25-27 || total
-------------------------+-------+-------+-------+-------+-------+-------+-------+-------+-------++-------
Melee: Unarmed           |     4 |       |       |       |       |       |       |       |       ||     4
       Whip              |       |     2 |       |       |       |       |       |       |       ||     2
       Dagger            |       |     4 |    63 |   157 |   436 |    44 |       |   686 |       ||  1390
       Long sword        |       |       |   109 |   161 |   543 |   814 |   496 |       |       ||  2123
       Demon blade       |       |       |       |       |       |       |   514 |   312 |   215 ||  1041
       Quick blade       |       |       |       |       |       |       |       |       |   730 ||   730
Throw: Javelin           |       |    34 |     2 |    22 |       |       |       |       |       ||    58
 Cast: Sandblast         |    40 |    41 |    93 |   154 |   169 |     3 |     1 |       |       ||   501
       Petrify           |       |       |     8 |    82 |   214 |    11 |     1 |       |       ||   316
       Stone Arrow       |       |       |     6 |    18 |    11 |       |       |       |       ||    35
       Vampiric Draining |       |       |       |    28 |    28 |       |       |       |       ||    56
       Lee's Rapid Decon |       |       |       |     1 |    37 |     2 |     5 |     1 |       ||    46
       Statue Form       |       |       |       |       |    43 |    83 |   122 |    60 |    56 ||   364
       Borgnjor's Vile C |       |       |       |       |    31 |   132 |   125 |   121 |    45 ||   454
       Iron Shot         |       |       |       |       |       |     4 |     3 |     3 |    17 ||    27
       Death Channel     |       |       |       |       |       |    30 |    74 |    31 |    19 ||   154
       Apportation       |       |       |       |       |       |       |       |     1 |       ||     1
       Shatter           |       |       |       |       |       |       |       |     4 |     6 ||    10
 Abil: Heal Wounds       |       |     1 |     1 |       |       |       |     1 |       |       ||     3
       End Transformatio |       |       |       |       |       |     1 |     5 |       |       ||     6
Evoke: Wand              |       |       |       |     7 |     9 |     2 |       |       |     3 ||    21
  Use: Scroll            |       |       |    17 |    14 |    19 |     5 |    16 |     7 |     8 ||    86
       Potion            |       |       |     1 |     5 |    10 |     3 |     7 |    12 |     7 ||    45
 Stab: Sleeping          |       |     3 |    11 |    22 |    23 |     6 |    22 |     5 |     8 ||   100
       Petrified         |       |       |    11 |    86 |   248 |    12 |     3 |       |       ||   360
       Distracted        |       |       |     2 |       |       |    13 |    18 |    25 |    11 ||    69
       Petrifying        |       |       |       |    13 |    25 |     2 |       |       |       ||    40
       Confused          |       |       |       |       |       |       |     2 |       |       ||     2
  Eat: Chunk             |     2 |     5 |     8 |    31 |    62 |    39 |    41 |    15 |     9 ||   212
       Ration            |       |       |     2 |     2 |     8 |     6 |    10 |     5 |     7 ||    40
Armor: Robe              |     3 |     6 |    81 |   169 |   268 |    26 |    33 |     2 |    14 ||   602
       Skin              |       |       |       |       |   619 |   997 |   878 |   632 |   357 ||  3483
Dodge: Dodged            |    14 |    14 |   134 |   247 |  1067 |   854 |   899 |   949 |   782 ||  4960
Block: Buckler           |       |       |       |       |   321 |       |       |       |       ||   321
       Shield            |       |       |       |       |   338 |  1288 |  1386 |  1298 |   935 ||  5245
       Reflection        |       |       |       |       |       |       |    39 |    43 |     4 ||    86
       Rpst.: Long sword |       |       |    25 |    31 |   190 |   181 |    77 |       |       ||   504
       Demon blade       |       |       |       |       |       |       |    85 |    80 |    64 ||   229

Table legend:
 A = Non-vault XP
 B = Vault XP
 C = Vault XP percentage of total XP
 D = Non-vault monster count
 E = Vault monster count
 F = Vault count percentage of total count
                 A         B        C        D         E       F
            +---------+---------+-------+---------+---------+-------
      Total |  649234 |  693388 |  51.6 |    1499 |     894 |  37.4
            +---------+---------+-------+---------+---------+-------
        D:1 |      33 |       7 |  17.5 |      15 |       3 |  16.7
        D:2 |     172 |       0 |   0.0 |      12 |       0 |   0.0
        D:3 |      65 |     231 |  78.0 |      25 |       1 |   3.8
        D:4 |     502 |    1422 |  73.9 |      14 |      20 |  58.8
        D:5 |     986 |      98 |   9.0 |      18 |       7 |  28.0
        D:6 |    1350 |       0 |   0.0 |      31 |       0 |   0.0
        D:7 |     958 |     532 |  35.7 |      21 |       6 |  22.2
        D:8 |    1440 |    2559 |  64.0 |      23 |       2 |   8.0
        D:9 |    1078 |    1750 |  61.9 |      21 |       7 |  25.0
       D:10 |    3226 |       0 |   0.0 |      21 |       0 |   0.0
       D:11 |    4959 |     769 |  13.4 |      27 |       1 |   3.6
       D:12 |    6104 |     795 |  11.5 |      28 |       1 |   3.4
       D:13 |    8669 |     443 |   4.9 |      33 |       4 |  10.8
       D:14 |   13946 |    1812 |  11.5 |      51 |       3 |   5.6
       D:15 |   11681 |    3697 |  24.0 |      21 |       6 |  22.2
     Lair:1 |    3207 |     460 |  12.5 |      18 |       4 |  18.2
     Lair:2 |    2677 |       0 |   0.0 |      16 |       0 |   0.0
     Lair:3 |    2483 |     723 |  22.6 |      11 |       3 |  21.4
     Lair:4 |    7826 |    1923 |  19.7 |      32 |       7 |  17.9
     Lair:5 |    5552 |       0 |   0.0 |      20 |       0 |   0.0
     Lair:6 |    5513 |   12252 |  69.0 |      28 |      47 |  62.7
    Swamp:1 |   11629 |       0 |   0.0 |      28 |       0 |   0.0
    Swamp:2 |    8524 |    3023 |  26.2 |      25 |       1 |   3.8
    Swamp:3 |   13820 |    1926 |  12.2 |      32 |       1 |   3.0
    Swamp:4 |    8906 |   20246 |  69.4 |      25 |      26 |  51.0
   Spider:1 |   15808 |    2105 |  11.8 |      47 |       6 |  11.3
   Spider:2 |   21938 |       0 |   0.0 |      58 |       0 |   0.0
   Spider:3 |   18376 |       0 |   0.0 |      53 |       0 |   0.0
   Spider:4 |   14059 |   28775 |  67.2 |      35 |      44 |  55.7
      Orc:1 |    1912 |    3188 |  62.5 |      22 |      11 |  33.3
      Orc:2 |    1977 |    4884 |  71.2 |      29 |      30 |  50.8
      Elf:1 |   19249 |    4475 |  18.9 |      28 |       8 |  22.2
      Elf:2 |   12126 |   18987 |  61.0 |      23 |      27 |  54.0
      Elf:3 |    7742 |   31148 |  80.1 |      14 |      26 |  65.0
   Vaults:1 |   30855 |   26028 |  45.8 |      59 |      45 |  43.3
   Vaults:2 |   24357 |   38729 |  61.4 |      48 |      73 |  60.3
   Vaults:3 |   29629 |   14946 |  33.5 |      56 |      20 |  26.3
   Vaults:4 |   13381 |   24029 |  64.2 |      18 |      32 |  64.0
   Vaults:5 |   22522 |   91379 |  80.2 |      37 |      77 |  67.5
    Crypt:1 |   26500 |   38502 |  59.2 |      43 |      24 |  35.8
    Crypt:2 |   39914 |   10390 |  20.7 |      61 |       3 |   4.7
    Crypt:3 |       0 |   72025 | 100.0 |       0 |     103 | 100.0
   Depths:1 |   34116 |       0 |   0.0 |      73 |       0 |   0.0
   Depths:2 |   22280 |   27267 |  55.0 |      35 |      30 |  46.2
   Depths:3 |   25738 |   61120 |  70.4 |      41 |      61 |  59.8
   Depths:4 |   12722 |    4248 |  25.0 |      18 |       6 |  25.0
   Depths:5 |    1991 |  126493 |  98.5 |       8 |      97 |  92.4
      Zot:1 |   73877 |       0 |   0.0 |      48 |       0 |   0.0
      Zot:2 |   25119 |       0 |   0.0 |      15 |       0 |   0.0
      Zot:3 |   13084 |    2299 |  14.9 |       9 |       3 |  25.0
    Abyss:2 |     278 |       0 |   0.0 |       1 |       0 |   0.0
    Abyss:3 |   14378 |    5247 |  26.7 |      24 |      10 |  29.4
   Gauntlet |       0 |    2456 | 100.0 |       0 |       8 | 100.0
            +---------+---------+-------+---------+---------+-------
